 Dungeon Crawl Stone Soup version 0.21.0-3-g78d12a8 (webtiles) character file.

38 Mgcat the Insei (level 3, -2/28 HPs)
             Began as a Gnoll Wanderer on Jan 13, 2018.
             Slain by a worm (6 damage)
             ... on level 2 of the Dungeon.
             The game lasted 00:03:26 (1125 turns).

Mgcat the Insei (Gnoll Wanderer)                    Turns: 1125, Time: 00:03:27

Health: -2/28      AC:  6    Str: 14    XL:     3   Next: 43%
Magic:  4/4        EV: 12    Int: 14    God:
Gold:   45         SH:  0    Dex: 15    Spells: 3/3 levels left

rFire    . . .     SeeInvis .   m - -3 dagger (curse)
rCold    . . .     Gourm    .   (no shield)
rNeg     . . .     Faith    .   d - +0 ring mail
rPois    .         Spirit   .   (no helmet)
rElec    .         Reflect  .   (no cloak)
rCorr    .         Harm     .   (no gloves)
MR       .....                  (no boots)
Stlth    +.........             (no amulet)
HPRegen  0.09/turn              (no ring)
MPRegen  0.09/turn              (no ring)

@: no status effects
A: distributed training, fangs 1, strong nose
a: no special abilities


You were on level 2 of the Dungeon.
You were not hungry.

You visited 1 branch of the dungeon, and saw 2 of its levels.

You collected 45 gold pieces.

Inventory:

Hand Weapons
 e - a +1 dagger
 m - a cursed -3 dagger (weapon)
Armour
 d - a +0 ring mail (worn)
Scrolls
 a - a scroll of blinking
 c - a scroll of teleportation
Potions
 b - a potion of heal wounds
 h - a potion of flight {unknown}
 j - a potion of haste {unknown}
 k - a potion of berserk rage {unknown}
 l - a potion of curing {unknown}
Comestibles
 f - a ration


   Skills:
 + Level 2.6 Fighting
 + Level 0.7 Short Blades
 + Level 0.7 Long Blades
 + Level 0.7 Axes
 + Level 0.7 Maces & Flails
 + Level 0.7 Polearms
 + Level 0.7 Staves
 + Level 0.7 Slings
 + Level 0.7 Bows
 + Level 2.6 Crossbows
 + Level 2.6 Throwing
 + Level 4.5 Armour
 + Level 2.6 Dodging
 + Level 2.3 Stealth
 + Level 0.7 Shields
 + Level 4.5 Unarmed Combat
 + Level 0.7 Spellcasting
 + Level 0.5 Conjurations
 + Level 0.5 Hexes
 + Level 0.5 Charms
 + Level 0.5 Summonings
 + Level 0.5 Necromancy
 + Level 0.5 Translocations
 + Level 0.5 Transmutations
 + Level 0.5 Fire Magic
 + Level 0.5 Ice Magic
 + Level 0.5 Air Magic
 + Level 0.5 Earth Magic
 + Level 0.5 Poison Magic
 + Level 0.9 Invocations
 + Level 2.6 Evocations


You had 3 spell levels left.
You didn't know any spells.

Dungeon Overview and Level Annotations

Branches:
Dungeon (2/15)

Altars:

Annotations:
D:2 Robin


Innate Abilities, Weirdness & Mutations

Your experience applies equally to all skills.
You have very sharp teeth.
Your uncanny sense of smell can sniff out nearby items.


Message History

You hit the quokka.
You kill the quokka!
A worm comes into view.
Found a scroll labeled YDAOCW HECZOUPS.
The worm bites you.
* * * LOW HITPOINT WARNING * * *
There is a stone staircase leading up, spattered with blood here.
You hit the worm but do no damage. You barely miss the worm.
The worm barely misses you.
You barely miss the worm. You hit the worm but do no damage.
The worm misses you.
You hit the worm.
The worm is lightly wounded.
The worm misses you.
You hit the worm but do no damage. You bite the worm, but do no damage.
The worm is lightly wounded.
You hit the worm but do no damage.
The worm is lightly wounded.
The worm bites you.
You die...

##.## .. ####....
##...
###......##....#.
#................
...........#.....
...........#..(##
.............[...
?........w....#
.........@#.#...
.#.......## #
.....>...#
..........
..........
..###.##.## ..
#.#∆ #. #.


You could see a worm.

Vanquished Creatures
  2 oozes (D:1)
  A leopard gecko (D:1)
  2 giant cockroaches (D:1)
  6 goblins (D:1)
  7 hobgoblins (D:1)
  2 kobolds (D:1)
  A quokka (D:2)
  A frilled lizard (D:1)
  2 rats
24 creatures vanquished.

Notes
Turn   | Place    | Note
-------+----------+-------------------------------------------
     0 | D:1      | Mgcat the Gnoll Wanderer began the quest for the Orb.
     0 | D:1      | Mgcat set off with: a scroll of blinking, a potion of heal wounds, a scroll of teleportation, a +0 ring mail, a +0 dagger, a ration
     0 | D:1      | Reached XP level 1. HP: 17/17 MP: 2/2
   180 | D:1      | Reached XP level 2. HP: 20/23 MP: 3/3
   625 | D:1      | Reached XP level 3. HP: 25/28 MP: 4/4
  1003 | D:2      | Noticed Robin
  1125 | D:2      | Slain by a worm

Action                   || total
-------------------------++-------
Melee: Dagger            ||   157
       Bite              ||    17
       Punch             ||     2
  Use: Scroll            ||     1
  Eat: Chunk             ||     1
Armor: Ring mail         ||    46
Dodge: Dodged            ||    76
